AoeStats
← 苟或

Arabian Desert

509148450Analyzed
1v1 RM · 5d ago on Sep 25, 2026· 24m 6s· 2 players
Game mode
Random Map
Map size
Tiny (2 player)
Population
200
Speed
Normal
Resources
Standard
Victory
Conquest
Starting age
Dark Age
Ending age
Imperial Age
RankedLock teamsTeams togetherTeam positionsShared explorationLock speedFull tech treeHidden civsTurbo modeCheats
Victory
Defeat
🇨🇦 Jurchens · Canada
1237
+16
🇦🇷 Varangians · Argentina
1229
-16
Jericho
4:34 Loom
9:46 Feudal Age
11:42 Bloodlines
12:09 Town Watch
12:46 Forging
12:43 Scale Barding Armor
16:23 Double-Bit Axe
22:08 Castle Age
21:34 Wheelbarrow
21:31 Forging
23:00 Town Patrol
苟或
7:50 Loom
11:22 Feudal Age
15:58 Castle Age
15:08 Double-Bit Axe
19:10 Squires
23:06 Wheelbarrow
23:12 Horse Collar
Connection lost

Rejoining the realm…

Still unreachable

The connection could not be restored.

Session expired

The server has moved on; the page needs a fresh start.